 Dungeon Crawl Stone Soup version 0.31.0-11-ge490571c62 (webtiles) character file.

Game seed: 14077144941893085551

11205 qw the Nimble (level 11, -3/55 HPs)
             Began as a Spriggan Hunter on Feb 4, 2024.
             Was a Priest of Okawaru.
             Slain by a death yak (15 damage)
             ... on level 1 of the Lair of Beasts.
             The game lasted 00:00:56 (7895 turns).

qw the Nimble (Spriggan Hunter)                     Turns: 7895, Time: 00:00:57

Health: -3/55      AC: 12    Str:  7    XL:     11   Next: 46%
Magic:  15/15      EV: 31    Int: 12    God:    Okawaru [***...]
Gold:   372        SH:  0    Dex: 22    Spells: 10/10 levels left

rFire   . . .        h - +0 arbalest (freeze)
rCold   . . .        (shield currently unavailable)
rNeg    . . .        j - +0 steam dragon scales
rPois   .            (helmet restricted)
rElec   .            f - +2 cloak
rCorr   .            (gloves unavailable)
SInv    +            (boots unavailable)
Will    ++...        n - amulet of the acrobat
Stlth   ++           e - +4 ring of protection
HPRegen 0.29/turn    m - ring of willpower
MPRegen 0.14/turn

%: acrobat
@: very quick
A: very small, no large weapons, unfitting armour, see invisible, speed 3
a: Renounce Religion, Heroism


You were on level 1 of the Lair of Beasts.
You worshipped Okawaru.
Okawaru was most pleased with you.
You visited 3 branches of the dungeon, and saw 11 of its levels.

You collected 595 gold pieces.
You spent 223 gold pieces at shops.


Innate Abilities, Weirdness & Mutations

You are very small and have problems with some larger weapons.
You are too small for most types of armour.
You have supernaturally acute eyesight. (SInv)
You cover ground extremely quickly. (Speed+++)


   Skills:
 - Level 5.0 Fighting
 + Level 13.4 Ranged Weapons
 - Level 1.0 Armour
 - Level 14.1 Dodging
 - Level 1.5 Stealth
 - Level 4.0 Invocations


You had 10 spell levels left.
You didn't know any spells.
Your spell library was empty.

Inventory:

Hand Weapons
 h - a +0 arbalest of freezing (weapon)
Armour
 f - a +2 cloak (worn)
 j - +0 steam dragon scales (worn)
Jewellery
 e - a +4 ring of protection (left hand)
 m - a ring of willpower (right hand)
 n - an amulet of the acrobat (around neck)
 Y - a +6 ring of strength
Wands
 k - a wand of roots (5)
 q - a wand of paralysis (4)
Scrolls
 c - 3 scrolls of fear {unknown}
Potions
 a - a potion of haste {unknown}
 b - 7 potions of curing
 d - a potion of magic {unknown}
 g - a potion of cancellation {unknown}
 i - 4 potions of might
 l - a potion of mutation

Dungeon Overview and Level Annotations

Branches:
Dungeon (9/15)             Temple (1/1) D:5            Lair (1/5) D:9
    Orc: D:9-12

Altars:
Ashenzari
Cheibriados
Dithmenos
Elyvilon
Fedhas
Gozag
Hepliaklqana
Kikubaaqudgha
Makhleb
Nemelex Xobeh
Okawaru
Qazlal
Ru
Sif Muna
Trog
Uskayaw
Vehumet
Wu Jian
Xom
Yredelemnul
Zin
The Shining One

Shops:
D:1 !   D:3 ::   D:7 *[   D:8 [   D:9 (

Annotations:
D:4 1 runed translucent door, Crazy Yiuf


Message History

You shoot a bolt. The bolt hits the death yak!!
The bolt freezes the death yak!
The death yak is severely wounded.
The death yak completely misses you.
You shoot a bolt. The bolt hits the death yak!
The bolt freezes the death yak.
The death yak is almost dead.
The death yak misses you.
You shoot a bolt. The bolt hits the death yak!
The bolt freezes the death yak.
You kill the death yak!
Okawaru is honoured by your kill.
You shoot a bolt. The bolt hits the yak.
The bolt freezes the yak.
The yak is lightly wounded.
The yak gores you but does no damage.
You shoot a bolt. The bolt completely misses the yak.
The bolt hits the death yak!
The bolt freezes the death yak.
The death yak is lightly wounded.
The yak barely misses you.
You shoot a bolt. The bolt hits the yak!
The bolt freezes the yak.
The yak is severely wounded.
The yak gores you! The death yak completely misses you.
The death yak barely misses you.
You shoot a bolt. The bolt hits the yak!!
The bolt freezes the yak.
You kill the yak!
Okawaru accepts your kill. The death yak gores you!! The death yak gores you.
You shoot a bolt. The bolt hits the yak!!
The bolt freezes the yak.
You kill the yak!
Okawaru accepts your kill. The death yak misses you.
The death yak gores you but does no damage.
You shoot a bolt. The bolt barely misses the death yak.
The death yak gores you! The death yak completely misses you.
The yak completely misses you.
You shoot a bolt.
The bolt hits the death yak but does no damage.
The death yak gores you. The yak gores you but does no damage.
The death yak completely misses you.
You shoot a bolt. The bolt barely misses the death yak.
You feel like a meek peon again. The death yak gores you!
You die...

#.. .####....##
..#. #...
#.....##.... ...#
#######......#
...###...##....####
.................+
....}..>:.}.....}#
.................+
....##.....#...Y###
....########...#@.#
#...### #...#YY.#
.#.....# #...##..##
.%#....}.....#...#
%.#...............
#.##.#.>.#.#......
### ..###.........
..# ......... ..


You could see 2 death yaks and a yak.

Vanquished Creatures
  A two-headed ogre (D:9)
  2 death yaks (Lair:1)
  Amaemon (D:9)
  A cyclops (D:8)
  An orange demon (D:9)
  Maggie (D:9)
  A hornet (D:8)
  A troll (D:8)
  4 blink frogs (Lair:1)
  Grinder (D:4)
  Sigmund (D:2)
  A wyvern (D:9)
  A wraith (D:8)
  9 yaks
  Eustachio (D:5)
  Menkaure (D:4)
  A steam dragon (D:6)
  3 water moccasins
  3 orc warriors
  4 ice beasts
  4 black bears
  An ogre (D:7)
  A centaur (D:9)
  6 wolves
  Blork the orc (D:4)
  4 kobold brigands
  A gnoll sergeant (D:9)
  3 scorpions
  5 bullfrogs
  5 wights (D:9)
  4 howler monkeys
  An electric eel (D:9)
  2 bombardier beetles
  8 hounds
  6 orc priests
  A jelly (D:6)
  2 sleepcaps
  Terence (D:3)
  5 iguanas
  9 orc wizards
  A killer bee simulacrum (D:9)
  A mummy (D:4)
  5 gnolls
  9 adders
  A shadow imp (D:6)
  5 white imps
  4 ufetubi
  3 dart slugs
  30 orcs
  8 ball pythons
  7 endoplasms
  2 giant cockroaches
  3 hobgoblins
  3 jackals (D:3)
  19 kobolds
  6 quokkas
  5 bats
  2 frilled lizards
  10 goblins
  A hobgoblin zombie (D:4)
  3 orc zombies (D:4)
  5 rats
242 creatures vanquished.

Notes
Turn   | Place    | Note
-------+----------+-------------------------------------------
     0 | D:1      | qw the Spriggan Hunter began the quest for the Orb.
     0 | D:1      | Reached XP level 1. HP: 10/10 MP: 2/2
     0 | D:1      | 0 ||| qw: Version: 0.3-a-160-g6735b56
     0 | D:1      | 0 ||| qw: Game counter: 5100
     0 | D:1      | 0 ||| qw: Melee chars always use a shield: true
     0 | D:1      | 0 ||| qw: God list: Okawaru
     0 | D:1      | 0 ||| qw: Allow faded altars: false
     0 | D:1      | 0 ||| qw: Do Orc after clearing Dungeon:15 true
     0 | D:1      | 0 ||| qw: Do second Lair branch before Depths: true
     0 | D:1      | 0 ||| qw: Lair rune preference: random
     0 | D:1      | 0 ||| qw: Goals: Normal
     0 | D:1      | 0 ||| PLANNING D:1-11
    32 | D:1      | Reached skill level 3 in Dodging
   152 | D:1      | Found Lucwaill's Distillery.
   158 | D:1      | 158 ||| SHOPLISTING potion of cancellation (80 gold, have
                  | 15).
   158 | D:1      | 158 ||| SHOPLISTING potion of heal wounds (50 gold, have
                  | 15).
   158 | D:1      | 158 ||| SHOPLISTING potion of mutation (80 gold, have 15).
   300 | D:1      | Reached XP level 2. HP: 14/14 MP: 3/3
   411 | D:1      | Reached skill level 4 in Dodging
   647 | D:1      | 647 ||| UPGRADING to ring of willpower.
   648 | D:1      | 648 ||| READING scroll labelled HOZOFO NOICISCH.
   649 | D:1      | 649 ||| READING scroll labelled GOAHENET EREDGH.
   674 | D:1      | 674 ||| DROPPING scroll of butterflies.
   748 | D:2      | Reached XP level 3. HP: 9/18 MP: 4/4
   973 | D:2      | Noticed Sigmund
   977 | D:2      | Killed Sigmund
   978 | D:2      | Reached skill level 6 in Ranged Weapons
   978 | D:2      | Reached XP level 4. HP: 22/22 MP: 5/5
   978 | D:2      | Reached XP level 5. HP: 25/25 MP: 6/6
  1125 | D:2      | 1125 ||| UPGRADING to +6 ring of strength.
  1126 | D:2      | 1126 ||| READING 3 scrolls labelled AWKEPS YMUBLE.
  1126 | D:2      | 1126 ||| ENCHANTING +0 shortbow.
  1127 | D:2      | 1127 ||| READING 2 scrolls of enchant weapon.
  1127 | D:2      | 1127 ||| ENCHANTING +1 shortbow.
  1128 | D:2      | 1128 ||| READING scroll of enchant weapon.
  1128 | D:2      | 1128 ||| ENCHANTING +2 shortbow.
  1129 | D:2      | 1129 ||| DRINKING 5 ruby potions.
  1158 | D:3      | Found Sali's Book Boutique.
  1174 | D:3      | Identified the +1 short sword "Siall" {elec, rC+}
  1235 | D:3      | Reached skill level 5 in Dodging
  1260 | D:3      | Reached XP level 6. HP: 30/30 MP: 7/7
  1343 | D:3      | 1343 ||| FLEEEEING.
  1357 | D:3      | 1357 ||| FLEEEEING.
  1360 | D:3      | 1360 ||| FLEEEEING.
  1361 | D:3      | 1361 ||| FLEEEEING.
  1362 | D:3      | 1362 ||| FLEEEEING.
  1363 | D:3      | 1363 ||| FLEEEEING.
  1364 | D:3      | 1364 ||| FLEEEEING.
  1365 | D:3      | 1365 ||| FLEEEEING.
  1366 | D:3      | 1366 ||| FLEEEEING.
  1369 | D:3      | 1369 ||| FLEEEEING.
  1369 | D:3      | Found Nekhloz's Vocational Training.
  1370 | D:3      | 1370 ||| FLEEEEING.
  1372 | D:3      | 1372 ||| FLEEEEING.
  1373 | D:3      | 1373 ||| FLEEEEING.
  1374 | D:3      | 1374 ||| FLEEEEING.
  1375 | D:3      | 1375 ||| FLEEEEING.
  1376 | D:3      | 1376 ||| FLEEEEING.
  1376 | D:3      | Noticed Terence
  1381 | D:3      | Killed Terence
  1604 | D:3      | 1604 ||| READING 2 scrolls labelled UMEYGR YXIET.
  1604 | D:3      | 1604 ||| IDENTIFYING bubbling white potion
  1605 | D:3      | 1605 ||| READING scroll of identify.
  1605 | D:3      | 1605 ||| IDENTIFYING inky potion
  1606 | D:3      | 1606 ||| READING scroll labelled GIZYIMPI IBBUE.
  1607 | D:3      | 1607 ||| READING scroll labelled ZAT WIJ DAD.
  1608 | D:3      | 1608 ||| READING scroll labelled NUCSIDO JUGHE.
  1609 | D:3      | 1609 ||| DROPPING potion of invisibility.
  1617 | D:4      | Noticed Blork the orc
  1625 | D:4      | Killed Blork the orc
  1626 | D:4      | Reached skill level 6 in Dodging
  1791 | D:4      | Noticed Menkaure
  1796 | D:4      | Killed Menkaure
  1797 | D:4      | Reached XP level 7. HP: 35/35 MP: 8/8
  1873 | D:4      | Noticed Grinder
  1883 | D:4      | Killed Grinder
  1884 | D:4      | Reached skill level 7 in Dodging
  2142 | D:4      | Found a runed translucent door.
  2143 | D:4      | Noticed Crazy Yiuf
  2295 | D:4      | 2295 ||| UPGRADING to amulet of the acrobat.
  2300 | D:4      | 2300 ||| READING 3 scrolls of identify.
  2300 | D:4      | 2300 ||| IDENTIFYING lumpy orange potion
  2301 | D:4      | 2301 ||| READING 2 scrolls of identify.
  2301 | D:4      | 2301 ||| IDENTIFYING coppery potion
  2302 | D:4      | 2302 ||| READING scroll of identify.
  2302 | D:4      | 2302 ||| IDENTIFYING dark potion
  2303 | D:4      | 2303 ||| READING scroll labelled BAOSYOHISTA.
  2304 | D:4      | 2304 ||| DRINKING 2 glowing coppery potions.
  2305 | D:4      | 2305 ||| DRINKING 6 potions of curing.
  2305 | D:4      | 2305 ||| (to cure confusion)
  2306 | D:4      | 2306 ||| DROPPING potion of lignification.
  2307 | D:4      | 2307 ||| DROPPING potion of degeneration.
  2308 | D:4      | 2308 ||| DROPPING potion of brilliance.
  2309 | D:4      | 2309 ||| DROPPING potion of ambrosia.
  2364 | D:5      | Entered Level 5 of the Dungeon
  2378 | D:5      | Found a blossoming altar of Fedhas.
  2408 | D:5      | Noticed Eustachio
  2410 | D:5      | 2410 ||| ZAPPING wand of paralysis (13) at -6,-3
                  | (Eustachio; floor).
  2419 | D:5      | 2419 ||| ZAPPING wand of paralysis (12) at -4,-2
                  | (Eustachio; floor).
  2424 | D:5      | Killed Eustachio
  2435 | D:5      | Reached XP level 8. HP: 39/39 MP: 9/9
  2446 | D:5      | Reached skill level 3 in Fighting
  2567 | D:5      | Reached skill level 8 in Dodging
  2671 | D:5      | 2671 ||| DRINKING 5 potions of curing.
  2671 | D:5      | 2671 ||| (to cure poison)
  2846 | D:5      | Reached skill level 9 in Ranged Weapons
  2943 | D:5      | 2943 ||| FLEEEEING.
  2944 | D:5      | 2944 ||| FLEEEEING.
  2946 | D:5      | 2946 ||| FLEEEEING.
  2947 | D:5      | 2947 ||| FLEEEEING.
  2949 | D:5      | 2949 ||| FLEEEEING.
  2957 | D:5      | 2957 ||| FLEEEEING.
  2958 | D:5      | 2958 ||| FLEEEEING.
  2959 | D:5      | 2959 ||| FLEEEEING.
  2960 | D:5      | 2960 ||| FLEEEEING.
  2961 | D:5      | 2961 ||| FLEEEEING.
  2962 | D:5      | 2962 ||| FLEEEEING.
  2963 | D:5      | 2963 ||| FLEEEEING.
  2966 | D:5      | 2966 ||| FLEEEEING.
  2967 | D:5      | 2967 ||| FLEEEEING.
  2969 | D:5      | 2969 ||| FLEEEEING.
  2970 | D:5      | 2970 ||| FLEEEEING.
  2972 | D:5      | 2972 ||| FLEEEEING.
  2973 | D:5      | 2973 ||| FLEEEEING.
  2974 | D:5      | 2974 ||| FLEEEEING.
  2975 | D:5      | 2975 ||| FLEEEEING.
  2976 | D:5      | 2976 ||| FLEEEEING.
  3049 | D:5      | Found a staircase to the Ecumenical Temple.
  3050 | D:5      | 3050 ||| PLANNING TEMPLE
  3056 | D:5      | 3056 ||| UPGRADING to +0 cloak.
  3061 | D:5      | 3061 ||| READING scroll of identify.
  3061 | D:5      | 3061 ||| IDENTIFYING green potion
  3062 | D:5      | 3062 ||| READING scroll labelled ZEABEI ZUAS.
  3062 | D:5      | 3062 ||| ENCHANTING +0 cloak.
  3063 | D:5      | 3063 ||| DRINKING 2 red potions.
  3064 | D:5      | 3064 ||| DROPPING potion of attraction.
  3071 | Temple   | Entered the Ecumenical Temple
  3072 | Temple   | 3072 ||| PLANNING D:1-11
  3526 | D:6      | Reached skill level 9 in Dodging
  3533 | D:6      | HP: 4/40 [orc warrior/+0 battleaxe (24)]
  3534 | D:6      | 3534 ||| DRINKING 2 potions of heal wounds.
  3706 | D:6      | 3706 ||| Stepping ~*~*~tactically~*~*~ (cloud).
  3707 | D:6      | 3707 ||| Stepping ~*~*~tactically~*~*~ (cloud).
  3719 | D:6      | 3719 ||| READING scroll of enchant weapon.
  3719 | D:6      | 3719 ||| ENCHANTING +3 shortbow.
  3768 | D:6      | HP: 4/40 [steam dragon/ball of steam (13)]
  3769 | D:6      | 3769 ||| DRINKING potion of heal wounds.
  3774 | D:6      | Reached XP level 9. HP: 19/44 MP: 10/10
  4042 | D:6      | Reached skill level 10 in Dodging
  4510 | D:6      | 4510 ||| DROPPING ring of wizardry.
  4511 | D:6      | 4511 ||| READING scroll labelled AREYHA YDDA.
  4805 | D:7      | Reached skill level 11 in Dodging
  4884 | D:7      | Found Fuegud's Antique Armour Emporium.
  4929 | D:7      | 4929 ||| RETREEEEATING.
  4931 | D:7      | 4931 ||| RETREEEEATING.
  4933 | D:7      | 4933 ||| RETREEEEATING.
  4947 | D:7      | Found Acacw's General Store.
  4962 | D:7      | 4962 ||| BUYING potion of mutation (112 gold).
  4962 | D:7      | Bought a potion of mutation for 112 gold pieces
  5131 | D:7      | Found an ornate altar of the Wu Jian Council.
  5134 | D:7      | Found a shadowy altar of Dithmenos.
  5181 | D:7      | 5181 ||| UPGRADING to +4 ring of protection.
  5183 | D:7      | 5183 ||| UPGRADING to ring of willpower.
  5185 | D:7      | 5185 ||| READING scroll labelled NUED JOSSIOFICS.
  5185 | D:7      | 5185 ||| BRANDING +4 shortbow.
  5186 | D:7      | 5186 ||| READING scroll labelled LIRPHO REHIEJ.
  5188 | D:7      | 5188 ||| Stepping ~*~*~tactically~*~*~ (cloud).
  5344 | D:8      | Noticed a cyclops
  5345 | D:8      | 5345 ||| ZAPPING wand of paralysis (11) at -1,4 (cyclops;
                  | floor).
  5347 | D:8      | 5347 ||| ZAPPING wand of paralysis (10) at 1,3 (cyclops;
                  | floor).
  5348 | D:8      | 5348 ||| ZAPPING wand of paralysis (9) at 1,3 (cyclops;
                  | floor).
  5349 | D:8      | 5349 ||| ZAPPING wand of paralysis (8) at 0,2 (cyclops;
                  | floor).
  5355 | D:8      | Killed a cyclops
  5363 | D:8      | Noticed a troll
  5375 | D:8      | Killed a troll
  5376 | D:8      | Reached skill level 12 in Dodging
  5376 | D:8      | Reached XP level 10. HP: 15/49 MP: 11/11
  5701 | D:8      | Found a sparkling altar of Nemelex Xobeh.
  5701 | D:8      | Found a sacrificial altar of Ru.
  5702 | D:8      | Found an iron altar of Okawaru.
  5703 | D:8      | 5703 ||| PLANNING OKAWARU WORSHIP
  5710 | D:8      | Became a worshipper of Warmaster Okawaru
  5711 | D:8      | 5711 ||| PLANNING D:1-11
  5829 | D:8      | Found a white marble altar of Elyvilon.
  5939 | D:8      | 5939 ||| ZAPPING wand of paralysis (7) at -1,1 (hornet;
                  | floor).
  5940 | D:8      | 5940 ||| FLEEEEING.
  5941 | D:8      | 5941 ||| FLEEEEING.
  5942 | D:8      | 5942 ||| FLEEEEING.
  5943 | D:8      | 5943 ||| FLEEEEING.
  5944 | D:8      | 5944 ||| FLEEEEING.
  5945 | D:8      | 5945 ||| FLEEEEING.
  5946 | D:8      | 5946 ||| FLEEEEING.
  5958 | D:8      | 5958 ||| FLEEEEING.
  5961 | D:8      | 5961 ||| STAIRDANCE
  5990 | D:8      | 5990 ||| ZAPPING wand of paralysis (6) at 1,0 (hornet;
                  | floor).
  5991 | D:8      | 5991 ||| STAIRDANCE
  6310 | D:8      | Found Acenwasch's Armour Boutique.
  6348 | D:8      | Found a flagged portal.
  6473 | D:9      | Found Gasukou's Weapon Boutique.
  6478 | D:9      | 6478 ||| BUYING +0 arbalest of freezing (111 gold).
  6478 | D:9      | Bought a +0 arbalest of freezing for 111 gold pieces
  6478 | D:9      | 6478 ||| SWAPPING to +0 arbalest of freezing.
  6479 | D:9      | 6479 ||| DROPPING +4 heavy shortbow.
  6488 | D:9      | 6488 ||| FLEEEEING.
  6489 | D:9      | 6489 ||| FLEEEEING.
  6490 | D:9      | 6490 ||| FLEEEEING.
  6526 | D:9      | 6526 ||| FLEEEEING.
  6604 | D:9      | 6604 ||| RETREEEEATING.
  6607 | D:9      | Reached skill level 12 in Ranged Weapons
  6612 | D:9      | Reached * piety under Okawaru
  6628 | D:9      | Found a staircase to the Lair.
  6638 | D:9      | 6638 ||| READING scroll of enchant armour.
  6638 | D:9      | 6638 ||| ENCHANTING +1 cloak.
  6658 | D:9      | Noticed a two-headed ogre
  6660 | D:9      | 6660 ||| INVOKING Heroism.
  6665 | D:9      | 6665 ||| RETREEEEATING.
  6670 | D:9      | 6670 ||| ZAPPING wand of paralysis (5) at 0,1 (two-headed
                  | ogre; floor).
  6671 | D:9      | 6671 ||| FLEEEEING.
  6672 | D:9      | 6672 ||| FLEEEEING.
  6673 | D:9      | 6673 ||| FLEEEEING.
  6674 | D:9      | 6674 ||| FLEEEEING.
  6675 | D:9      | 6675 ||| FLEEEEING.
  6676 | D:9      | 6676 ||| FLEEEEING.
  6680 | D:9      | 6680 ||| FLEEEEING.
  6681 | D:9      | 6681 ||| FLEEEEING.
  6682 | D:9      | 6682 ||| FLEEEEING.
  6684 | D:9      | 6684 ||| FLEEEEING.
  6685 | D:9      | 6685 ||| FLEEEEING.
  6686 | D:9      | 6686 ||| FLEEEEING.
  6687 | D:9      | 6687 ||| FLEEEEING.
  6688 | D:9      | 6688 ||| FLEEEEING.
  6689 | D:9      | 6689 ||| FLEEEEING.
  6690 | D:9      | 6690 ||| FLEEEEING.
  6691 | D:9      | 6691 ||| FLEEEEING.
  6692 | D:9      | 6692 ||| FLEEEEING.
  6693 | D:9      | 6693 ||| FLEEEEING.
  6694 | D:9      | 6694 ||| FLEEEEING.
  6696 | D:9      | 6696 ||| FLEEEEING.
  6697 | D:9      | 6697 ||| FLEEEEING.
  6698 | D:9      | 6698 ||| STAIRDANCE
  6890 | D:9      | Reached skill level 1 in Invocations
  6917 | D:9      | Noticed Maggie
  6918 | D:9      | 6918 ||| INVOKING Heroism.
  6930 | D:9      | 6930 ||| RETREEEEATING.
  6933 | D:9      | 6933 ||| INVOKING Heroism.
  6961 | D:9      | 6961 ||| INVOKING Heroism.
  6964 | D:9      | Killed Maggie
  6965 | D:9      | Reached skill level 13 in Dodging
  7174 | D:9      | Identified the +4 falchion "Karyr" {freeze, MP+9 Str+3
                  | Int+3}
  7228 | D:9      | 7228 ||| INVOKING Heroism.
  7278 | D:9      | Noticed an orange demon
  7279 | D:9      | 7279 ||| INVOKING Heroism.
  7280 | D:9      | 7280 ||| INVOKING Heroism.
  7283 | D:9      | Killed an orange demon
  7304 | D:9      | Noticed Amaemon
  7305 | D:9      | 7305 ||| INVOKING Heroism.
  7314 | D:9      | 7314 ||| RETREEEEATING.
  7315 | D:9      | 7315 ||| RETREEEEATING.
  7316 | D:9      | 7316 ||| RETREEEEATING.
  7317 | D:9      | 7317 ||| RETREEEEATING.
  7338 | D:9      | Killed Amaemon
  7547 | D:9      | 7547 ||| INVOKING Heroism.
  7553 | D:9      | Killed a two-headed ogre
  7554 | D:9      | Reached XP level 11. HP: 55/55 MP: 10/13
  7577 | D:9      | 7577 ||| PLANNING LAIR
  7577 | D:9      | 7577 ||| UPGRADING to +0 steam dragon scales.
  7587 | D:9      | 7587 ||| DROPPING +0 robe.
  7604 | Lair:1   | Entered Level 1 of the Lair of Beasts
  7620 | Lair:1   | 7620 ||| RETREEEEATING.
  7621 | Lair:1   | 7621 ||| RETREEEEATING.
  7622 | Lair:1   | 7622 ||| RETREEEEATING.
  7623 | Lair:1   | 7623 ||| RETREEEEATING.
  7624 | Lair:1   | 7624 ||| RETREEEEATING.
  7625 | Lair:1   | 7625 ||| RETREEEEATING.
  7626 | Lair:1   | 7626 ||| RETREEEEATING.
  7627 | Lair:1   | 7627 ||| RETREEEEATING.
  7628 | Lair:1   | 7628 ||| RETREEEEATING.
  7629 | Lair:1   | 7629 ||| INVOKING Heroism.
  7640 | Lair:1   | Reached skill level 1 in Armour
  7640 | Lair:1   | Reached skill level 3 in Invocations
  7644 | Lair:1   | Reached ** piety under Okawaru
  7681 | Lair:1   | 7681 ||| FLEEEEING.
  7682 | Lair:1   | 7682 ||| FLEEEEING.
  7683 | Lair:1   | 7683 ||| FLEEEEING.
  7684 | Lair:1   | 7684 ||| FLEEEEING.
  7686 | Lair:1   | 7686 ||| FLEEEEING.
  7687 | Lair:1   | 7687 ||| FLEEEEING.
  7688 | Lair:1   | 7688 ||| FLEEEEING.
  7689 | Lair:1   | 7689 ||| FLEEEEING.
  7690 | Lair:1   | 7690 ||| FLEEEEING.
  7691 | Lair:1   | 7691 ||| FLEEEEING.
  7692 | Lair:1   | 7692 ||| FLEEEEING.
  7693 | Lair:1   | 7693 ||| FLEEEEING.
  7695 | Lair:1   | 7695 ||| FLEEEEING.
  7697 | Lair:1   | 7697 ||| FLEEEEING.
  7698 | Lair:1   | 7698 ||| FLEEEEING.
  7701 | Lair:1   | 7701 ||| FLEEEEING.
  7857 | Lair:1   | Noticed a death yak
  7857 | Lair:1   | Noticed a death yak
  7858 | Lair:1   | 7858 ||| RETREEEEATING.
  7861 | Lair:1   | Noticed a death yak
  7862 | Lair:1   | 7862 ||| RETREEEEATING.
  7862 | Lair:1   | Noticed a death yak
  7863 | Lair:1   | 7863 ||| RETREEEEATING.
  7864 | Lair:1   | 7864 ||| RETREEEEATING.
  7865 | Lair:1   | 7865 ||| RETREEEEATING.
  7866 | Lair:1   | 7866 ||| RETREEEEATING.
  7868 | Lair:1   | 7868 ||| RETREEEEATING.
  7869 | Lair:1   | 7869 ||| INVOKING Heroism.
  7874 | Lair:1   | 7874 ||| RETREEEEATING.
  7874 | Lair:1   | Noticed a death yak
  7875 | Lair:1   | 7875 ||| RETREEEEATING.
  7876 | Lair:1   | 7876 ||| RETREEEEATING.
  7877 | Lair:1   | 7877 ||| RETREEEEATING.
  7878 | Lair:1   | 7878 ||| RETREEEEATING.
  7881 | Lair:1   | Killed a death yak
  7882 | Lair:1   | Reached skill level 14 in Dodging
  7887 | Lair:1   | Killed a death yak
  7887 | Lair:1   | Reached *** piety under Okawaru
  7893 | Lair:1   | HP: 13/55 [death yak (8)]
  7895 | Lair:1   | Slain by a death yak

Levels and vault maps discovered:
D:1:      dpeg_chamrin_arrival_tetris, layout_basic, serial_shops, shop
D:2:      layout_rooms, uniq_sigmund
D:3:      layout_rooms, serial_shops, shop, minmay_misc_feat_iff,
          nicolae_shop_vocational, uniq_terence
D:4:      layout_rooms, minmay_mini_ossuary, uniq_blork_the_orc, uniq_menkaure,
          uniq_grinder, uniq_crazy_yiuf_cottage
D:5:      kennysheep_big_flooded_room, layout_basic,
          mainiacjoe_overflow_six_doors_small, minmay_temple_entry_nine_rooms,
          grunt_ministairs_2, uniq_eustachio
D:6:      layout_loops_ring, lexackson_kobold_supper
D:7:      layout_rooms, jmf_multi_god_temple2, serial_shops, shop, shop
D:8:      layout_loops_ring, lemuel_round_altar, grunt_temple_overflow_open,
          enter_bailey_7, serial_shops, nicolae_shop_getting_attention,
          minmay_three_doors
D:9:      layout_long_grid, erik_lair_orcish_takeover, serial_shops,
          nicolae_shop_tiny_waterfront, serial_ice, serial_ice_d, serial_ice_f,
          serial_ice_j, serial_ice_o, statue_in_the_mist_lemuel, uniq_maggie,
          uniq_amaemon
Temple:   hellmonk_temple_of_storms
Lair:1:   layout_chaotic_city, nzn_ghost_randoct, grunt_megastairs_5

Skill      XL: |  1  2  3  4  5  6  7  8  9 10 11 |
---------------+----------------------------------+-----
Dodging        | 3 4 5 6 7 9 12 13 14 | 14.1
Ranged Weapons | 6 7 8 10 11 12 13 | 13.4
Fighting       | 2 3 4 5 |  5.0
Invocations    | 2 4 |  4.0
Armour         | 1 |  1.0
Stealth        | |  1.5

Action                     |  1- 3 |  4- 6 |  7- 9 | 10-12 || total
---------------------------+-------+-------+-------+-------++-------
   Fire: Shortbow          |    96 |   118 |   369 |    44 ||   627
         Arbalest          |       |       |       |   214 ||   214
 Invoke: Heroism           |       |       |       |    10 ||    10
  Evoke: Wand              |       |       |     6 |     3 ||     9
    Use: Scroll            |     2 |     8 |    10 |     1 ||    21
         Potion            |       |     1 |     6 |       ||     7
 Armour: Robe              |    17 |     4 |    45 |    25 ||    91
         Steam dragon scal |       |       |       |    21 ||    21
  Dodge: Dodged            |    51 |    16 |   149 |   204 ||   420

Table legend:
 A = Non-vault XP
 B = Vault XP
 C = Vault XP percentage of total XP
 D = Non-vault monster count
 E = Vault monster count
 F = Vault count percentage of total count
                 A         B        C        D         E       F
            +---------+---------+-------+---------+---------+-------
      Total |   10432 |    5576 |  34.8 |     185 |      57 |  23.6
            +---------+---------+-------+---------+---------+-------
        D:1 |      28 |       0 |   0.0 |      18 |       0 |   0.0
        D:2 |      72 |     214 |  74.8 |      21 |       1 |   4.5
        D:3 |     161 |      38 |  19.1 |      23 |       1 |   4.2
        D:4 |      98 |     559 |  85.1 |       8 |       8 |  50.0
        D:5 |     666 |     444 |  40.0 |      16 |       5 |  23.8
        D:6 |    1273 |     109 |   7.9 |      20 |       8 |  28.6
        D:7 |     975 |      58 |   5.6 |      26 |       2 |   7.1
        D:8 |     945 |     947 |  50.1 |      11 |       7 |  38.9
        D:9 |    2041 |    2647 |  56.5 |      28 |      20 |  41.7
     Lair:1 |    4173 |     560 |  11.8 |      14 |       5 |  26.3
            +---------+---------+-------+---------+---------+-------
